 Dungeon Crawl Stone Soup version 0.25-a0-992-gca090100c3 (webtiles) character file.

Game seed: 4691331606493366807, levelgen mode: classic

114 Amnesiac the Chiller (level 4, -9/24 HPs)
             Began as a Deep Elf Ice Elementalist on May 10, 2020.
             Mangled by Flugslaktarn's ghost (11 damage)
             ... on level 4 of the Dungeon.
             The game lasted 00:02:48 (923 turns).

Amnesiac the Chiller (Deep Elf Ice Elementalist)     Turns: 923, Time: 00:02:49

Health: -9/24      AC:  2    Str:  5    XL:     4   Next: 66%
Magic:  5/12       EV: 13    Int: 21    God:
Gold:   29         SH:  0    Dex: 15    Spells: 5/12 levels left

rFire    . . .     SeeInvis .   b - +0 spear (venom)
rCold    . . .     Gourm    .   (no shield)
rNeg     . . .     Faith    .   a - +0 robe
rPois    .         Spirit   .   (no helmet)
rElec    .         Reflect  .   (no cloak)
rCorr    .         Harm     .   (no gloves)
MR       .....                  (no boots)
Stlth    ++........             (no amulet)
HPRegen  0.08/turn              (no ring)
MPRegen  0.13/turn              (no ring)

@: frozen ramparts
A: no striking features
a: no special abilities


You were on level 4 of the Dungeon.
You were not hungry.

You visited 1 branch of the dungeon, and saw 4 of its levels.

You collected 29 gold pieces.

Inventory:

Hand Weapons
 b - a +0 spear of venom (weapon)
Armour
 a - a +0 robe (worn)
Scrolls
 d - 2 scrolls of identify {!r, unknown}
 e - a scroll of remove curse {!r, unknown}
Comestibles
 c - 2 rations


   Skills:
 - Level 2.4 Dodging
 - Level 2.4 Stealth
 + Level 4.5 Spellcasting
 * Level 6.0 Ice Magic


You had 5 spell levels left.
You knew the following spells:

 Your Spells              Type           Power        Failure   Level  Hunger
a - Freeze                Ice            ####         1%          1    None
b - Frozen Ramparts       Ice            ####..       2%          3    ##.....
z - Ozocubu's Armour      Chrm/Ice       ###.....     10%         3    ##.....

Your spell library contained the following spells:

 Spells                   Type           Power        Failure   Level  Hunger
 Hailstorm                Conj/Ice       ###.....     32%         4    ####...
 Summon Ice Beast         Ice/Summ       ###.....     32%         4    ####...


Dungeon Overview and Level Annotations

Branches:
Dungeon (4/15)
 Temple: D:4-7

Altars:

Annotations:
D:2 Sigmund
D:3 exclusion: upstairs
D:4 exclusion: skeleton, Flugslaktarn's ghost, amateur MiFi


Message History

Unknown command.
A giant cockroach comes into view.
Flugslaktarn's ghost turns its malevolent gaze towards you.
Found a murky purple potion.
Casting: Frozen Ramparts (quite dangerous; 3% risk of failure)
Confirm with . or Enter, or press ? or * to list all spells.
The spell is quite dangerous to cast (3% risk of failure)!
Continue anyway?
The walls around you are covered in ice.
You open the door.
The wall freezes the adder.
The adder seems to slow down.
The wall freezes the adder!
You kill the adder!
Your Ice Magic skill increases to level 6!
Attack whom?
Press: ? - help, Dir - move target cursor, f - Flugslaktarn's ghost
Aim: Flugslaktarn's ghost You reach to attack!
You barely miss Flugslaktarn's ghost.
The wall freezes Flugslaktarn's ghost.
Press: ? - help, v - describe, . - travel, g - get item
Here: Flugslaktarn's ghost (lightly damaged)
An adder corpse.
An open translucent door.
Unknown command.
The wall freezes Flugslaktarn's ghost.
The wall freezes Flugslaktarn's ghost!
You see here a hunting sling.
The wall freezes Flugslaktarn's ghost.
Casting: Frozen Ramparts (dangerous; 2% risk of failure)
Confirm with . or Enter, or press ? or * to list all spells.
Aiming: Freeze (safe; 1% risk of failure)
Press: ? - help, Shift-Dir - straight line, f/p - Flugslaktarn's ghost
Aim: Flugslaktarn's ghost (moderately damaged)
You freeze Flugslaktarn's ghost.
Flugslaktarn's ghost is moderately damaged.
The wall freezes Flugslaktarn's ghost.
Flugslaktarn's ghost hits you.
The frozen ramparts melt away.
The giant cockroach barely misses you. The giant cockroach closely misses you.
Flugslaktarn's ghost hits you!
Ouch! That really hurt!
* * * LOW HITPOINT WARNING * * *
Found 18 stones.
An ooze comes into view.
The giant cockroach barely misses you.
Casting: Freeze (safe; 1% risk of failure)
Confirm with . or Enter, or press ? or * to list all spells.
The walls around you are covered in ice.
The wall freezes the giant cockroach.
The giant cockroach closely misses you.
The wall freezes Flugslaktarn's ghost!
Unknown command.
The wall freezes the giant cockroach.
You kill the giant cockroach!
The wall freezes Flugslaktarn's ghost.
You aren't carrying any potions.
Okay, then.
The wall freezes Flugslaktarn's ghost.
Flugslaktarn's ghost shouts, "I was like you once."
The wall freezes Flugslaktarn's ghost.
The wall freezes Flugslaktarn's ghost.
Found a stone staircase leading down.
The frozen ramparts melt away.
Casting: Frozen Ramparts (dangerous; 2% risk of failure)
Confirm with . or Enter, or press ? or * to list all spells.
The walls around you are covered in ice.
The wall freezes Flugslaktarn's ghost!
Flugslaktarn's ghost hits you!
You die...

.# . #. .# ##.# #>.
#.# ...####@## ###
#.....W.# ##..
######..## ###...
#...# ##....# ##.##
###.....† ##.##
##.....>.# ##..#
#......#.. ###...##
#....#)..
#......#####....<..


You could see Flugslaktarn's ghost.

Vanquished Creatures
  An orc wizard (D:4)
  2 worker ants (D:4)
  2 adders
  2 leopard geckos
  4 orcs (D:4)
  2 giant cockroaches
  3 goblins (D:1)
  2 hobgoblins
  2 kobolds (D:1)
20 creatures vanquished.

Notes
Turn   | Place    | Note
-------+----------+-------------------------------------------
     0 | D:1      | Amnesiac the Deep Elf Ice Elementalist began the quest for
                  | the Orb.
     0 | D:1      | Reached XP level 1. HP: 10/10 MP: 6/6
    40 | D:1      | Reached XP level 2. HP: 1/15 MP: 5/8
   382 | D:2      | Noticed Sigmund
   388 | D:2      | Reached skill level 5 in Ice Magic
   561 | D:4      | Reached XP level 3. HP: 11/19 MP: 10/10
   566 | D:4      | Learned a level 3 spell: Frozen Ramparts
   570 | D:4      | Learned a level 3 spell: Ozocubu's Armour
   619 | D:4      | Noticed a phantom
   744 | D:4      | Found a runed translucent door.
   746 | D:4      | Reached XP level 4. HP: 18/24 MP: 8/12
   895 | D:4      | Noticed Flugslaktarn's ghost (amateur MiFi)
   898 | D:4      | Reached skill level 6 in Ice Magic
   907 | D:4      | HP: 1/24 [Flugslaktarn's ghost (17)]
   923 | D:4      | Mangled by Flugslaktarn's ghost

Illustrated notes

Levels and vault maps discovered:
D:1:      roderic_crossed_star, layout_rooms, serial_bayou, serial_bayou_ford_a,
          serial_bayou_pond_b, serial_bayou_pond_c, serial_bayou_shore_a,
          minmay_strange_pillars, chequers_serial_rivers_micro_e,
          minmay_misc_feat_encased, minmay_distorted
D:2:      layout_loops_ring, lemuel_coloured_pillars_altar, lemuel_round_altar,
          chequers_big_river, uniq_sigmund
D:3:      layout_loops_ring, first_ration
D:4:      layout_cave_pods, ebering_ghost_sewer_d

Skill      XL: |  1  2  3  4 |
---------------+-------------+-----
Ice Magic      | 5 6 |  6.0
Spellcasting   | 4 |  4.5
Dodging        | |  2.4
Stealth        | |  2.4

Action                   |  1- 3 |  4- 6 || total
-------------------------+-------+-------++-------
Melee: Spear             |    36 |     3 ||    39
 Cast: Freeze            |     7 |     1 ||     8
       Frozen Ramparts   |     2 |     3 ||     5
 Stab: Sleeping          |     2 |       ||     2
Armor: Robe              |     2 |       ||     2
Dodge: Dodged            |    20 |     5 ||    25

Table legend:
 A = Non-vault XP
 B = Vault XP
 C = Vault XP percentage of total XP
 D = Non-vault monster count
 E = Vault monster count
 F = Vault count percentage of total count
                 A         B        C        D         E       F
            +---------+---------+-------+---------+---------+-------
      Total |     150 |      13 |   8.0 |      19 |       1 |   5.0
            +---------+---------+-------+---------+---------+-------
        D:1 |      16 |       0 |   0.0 |       8 |       0 |   0.0
        D:2 |      15 |       0 |   0.0 |       2 |       0 |   0.0
        D:3 |       3 |       0 |   0.0 |       1 |       0 |   0.0
        D:4 |     116 |      13 |  10.1 |       8 |       1 |  11.1
            +---------+---------+-------+---------+---------+-------
